 Dungeon Crawl Stone Soup version 0.21-a0-507-ga8f6b7a (webtiles) character file.

1211 Goblin1989 the Shield-Bearer (level 8, -5/100 HPs)
             Began as a Gnoll Fighter on Nov 27, 2017.
             Was a Follower of Ashenzari.
             Slain by a killer bee (6 damage)
             ... on level 5 of the Dungeon.
             The game lasted 00:08:07 (3905 turns).

Goblin1989 the Shield-Bearer (Gnoll Fighter)        Turns: 3905, Time: 00:08:09

Health: -5/100     AC:  9    Str: 22 (25) XL:     8   Next: 46%
Magic:  12/12      EV: 10    Int: 10 (11) God:    Ashenzari [*.....]
Gold:   192        SH: 11    Dex: 15      Spells: 13/13 levels left

rFire    + . .     SeeInvis .   a - +0 flail (curse)
rCold    + . .     Gourm    .   c - +0 shield
rNeg     . . .     Faith    .   b - +0 scale mail
rPois    +         Spirit   .   p - +0 helmet
rElec    +         Reflect  .   (no cloak)
rCorr    +         Harm     .   (no gloves)
MR       .....                  (no boots)
Stlth    ..........             r - amulet of regeneration
HPRegen  0.66/turn              x - ring of stealth
MPRegen  0.13/turn              (no ring)

@: berserking, lethally poisoned (-5 -> -5), resistant, very quick
A: distributed training, fangs 1, strong nose
a: Curse Item, Scrying, Renounce Religion


You were on level 5 of the Dungeon.
You worshipped Ashenzari.
Ashenzari was aware of your devotion.
You were not hungry.

You visited 1 branch of the dungeon, and saw 5 of its levels.

You collected 192 gold pieces.

Inventory:

Hand Weapons
 a - a cursed +0 flail (weapon)
 v - a +0 vampiric hand axe
Missiles
 l - 149 stones (quivered)
 n - 23 sling bullets
 s - 106 arrows
 u - 32 bolts
Armour
 b - a +0 scale mail (worn)
 c - a +0 shield (worn)
 p - a +0 helmet (worn)
Jewellery
 r - an amulet of regeneration (around neck)
 x - a ring of stealth (left hand)
 J - an uncursed amulet of rage
 O - a +6 ring of protection
Wands
 w - a wand of random effects (17)
 L - a wand of clouds (5)
Scrolls
 g - 3 scrolls of teleportation {unknown}
 i - 2 scrolls of magic mapping {unknown}
 o - 7 scrolls of identify {unknown}
 t - a scroll of random uselessness {unknown}
 A - 4 scrolls of fog {unknown}
 K - a scroll of amnesia {unknown}
Potions
 d - a potion of might
 j - a potion of magic
 m - 2 potions of heal wounds {unknown}
 q - a potion of berserk rage
 z - a potion of curing {unknown}
 B - a potion of agility {unknown}
 F - a potion of mutation {unknown}
 G - a potion of lignification {unknown}
 H - a potion of cancellation {unknown}
 P - a potion of invisibility {unknown}
Comestibles
 e - 3 bread rations {@e1}
 h - 2 royal jellies
 E - 11 fruits
 M - 4 chunks of flesh


   Skills:
 + Level 7.3 Fighting
 + Level 3.2 Short Blades
 + Level 3.2 Long Blades
 + Level 3.2 Axes
 + Level 5.6 Maces & Flails
 + Level 3.2 Polearms
 + Level 3.2 Staves
 + Level 3.2 Slings
 + Level 3.2 Bows
 + Level 3.2 Crossbows
 + Level 3.2 Throwing
 + Level 7.3 Armour
 + Level 3.2 Dodging
 + Level 3.2 Stealth
 + Level 7.3 Shields
 + Level 3.2 Unarmed Combat
 + Level 3.2 Spellcasting
 + Level 2.6 Conjurations
 + Level 2.6 Hexes
 + Level 2.6 Charms
 + Level 2.6 Summonings
 + Level 2.6 Necromancy
 + Level 2.6 Translocations
 + Level 2.6 Transmutations
 + Level 2.6 Fire Magic
 + Level 2.6 Ice Magic
 + Level 2.6 Air Magic
 + Level 2.6 Earth Magic
 + Level 2.6 Poison Magic
 + Level 3.5 Invocations
 + Level 3.2 Evocations


You had 13 spell levels left.
You didn't know any spells.

Dungeon Overview and Level Annotations

Branches:
Dungeon (5/15)
 Temple: D:4-7

Altars:
Ashenzari
Qazlal
Wu Jian

Annotations:
D:4 exclusion: Menkaure, Menkaure


Innate Abilities, Weirdness & Mutations

Your experience applies equally to all skills.
You have very sharp teeth.
Your uncanny sense of smell can sniff out nearby items.


Message History

The killer bee is moderately wounded.
You feel sick. You block the killer bee's attack. The killer bee stings you.
* * * LOW HITPOINT WARNING * * *
You take 2 damage, and have 17/67 hp.
Unknown command.
You miss the killer bee. Your bite misses the killer bee.
The killer bee is moderately wounded.
You block the killer bee's attack.
The killer bee stings you but does no damage.
You block the killer bee's attack.
You closely miss the killer bee.
The killer bee is moderately wounded.
You feel a little less clever now. You block the killer bee's attack.
The killer bee barely misses you.
You thump the killer bee!
You kill the killer bee!
You feel sick.
The killer bee stings you but does no damage.
You closely miss the killer bee. You bite the killer bee!
The killer bee is heavily wounded.
You block the killer bee's attack. The killer bee misses you.
You block the killer bee's attack.
You closely miss the killer bee.
The killer bee is heavily wounded.
The killer bee barely misses you. You block the killer bee's attack.
You miss the killer bee.
The killer bee is heavily wounded.
You feel sick. You block the killer bee's attack. x2
You take 1 damage, and have 19/67 hp.
You miss the killer bee.
The killer bee is heavily wounded.
The killer bee stings you but does no damage. x2
The killer bee barely misses you.
You barely miss the killer bee.
The killer bee is heavily wounded.
The killer bee misses you. The killer bee closely misses you.
You closely miss the killer bee.
The killer bee is heavily wounded.
The killer bee closely misses you. You block the killer bee's attack.
You barely miss the killer bee.
The killer bee is heavily wounded.
You feel sick.
The killer bee stings you but does no damage.
The killer bee stings you.
* * * LOW HITPOINT WARNING * * *
The killer bee stings you but does no damage.
You take 1 damage, and have 20/67 hp.
Your shield and scale mail prevent you from hitting the killer bee.
The killer bee is heavily wounded.
You block the killer bee's attack. The killer bee stings you.
* * * LOW HITPOINT WARNING * * *
You take 1 damage, and have 19/67 hp.
You closely miss the killer bee. Your bite misses the killer bee.
The killer bee is heavily wounded.
The killer bee barely misses you.
The killer bee stings you but does no damage.
You closely miss the killer bee.
The killer bee is heavily wounded.
You feel sick.
You are no longer poisoned.
The killer bee stings you but does no damage.
The killer bee stings you.
* * * LOW HITPOINT WARNING * * *
You take 6 damage, and have 13/67 hp.
You miss the killer bee.
The killer bee is heavily wounded.
You block the killer bee's attack. x2
The killer bee stings you but does no damage.
You hit the killer bee.
The killer bee is heavily wounded.
You block the killer bee's attack. The killer bee stings you!
* * * LOW HITPOINT WARNING * * *
You take 7 damage, and have 7/67 hp.
You barely miss the killer bee.
The killer bee is heavily wounded.
The killer bee closely misses you. The killer bee stings you!
* * * LOW HITPOINT WARNING * * *
You are lethally poisoned!
The killer bee poisons you!
You take 6 damage, and have 1/67 hp.
It was a potion of magic.
Magic courses through your body.
You feel a little less mighty now.
* * * LOW HITPOINT WARNING * * *
You feel sick.
The killer bee stings you but does no damage.
The killer bee barely misses you.
Unknown command.
It was a potion of berserk rage.
A red film seems to cover your vision as you go berserk!
You feel yourself moving faster!
You feel mighty! You block the killer bee's attack.
The killer bee barely misses you.
You now have 1/100 hp.
Unknown command.
You closely miss the killer bee.
The killer bee is heavily wounded.
* * * LOW HITPOINT WARNING * * *
You feel sick.
The killer bee stings you but does no damage.
The killer bee stings you.
You die...

..... ...▲ . .....
...█ . █.█.██...█ .
█.█..... █..█..█..
█.█...█ █..█..█..
██.█...████..█..█..
█..................
██y█.█..........█..
█@█.█.█████.█.....
█....█...............
███████....███.......
█..............
█..............
████████.....██.██.█..
█.....................
██████.█████.██.██.██.
█.█ █...........


You could see a killer bee.

Vanquished Creatures
  Sigmund (D:2)
  2 ice beasts (D:5)
  An ogre (D:5)
  A centaur (D:4)
  4 killer bees (D:5)
  A howler monkey (D:5)
  A hound (D:4)
  3 orc priests (D:5)
  4 orc wizards (D:5)
  An iguana (D:5)
  Terence (D:2)
  2 worker ants (D:4)
  7 adders
  2 oozes
  An adder skeleton (D:4)
  4 dart slugs
  7 leopard geckos
  3 orcs (D:5)
  A ball python (D:1)
  9 bats
  3 giant cockroaches
  5 hobgoblins
  4 jackals (D:1)
  A quokka (D:3)
  4 frilled lizards
  8 goblins
  5 kobolds
  7 rats
93 creatures vanquished.

Notes
Turn   | Place    | Note
-------+----------+-------------------------------------------
     0 | D:1      | Goblin1989 the Gnoll Fighter began the quest for the Orb.
     0 | D:1      | Reached XP level 1. HP: 23/23 MP: 1/1
    49 | D:1      | Reached XP level 2. HP: 29/29 MP: 2/2
   468 | D:1      | Reached XP level 3. HP: 35/35 MP: 3/3
   730 | D:1      | Reached skill level 1 in Invocations
   983 | D:2      | Reached skill level 1 in Short Blades
   983 | D:2      | Reached skill level 1 in Long Blades
   983 | D:2      | Reached skill level 1 in Axes
   983 | D:2      | Reached skill level 1 in Polearms
   983 | D:2      | Reached skill level 1 in Staves
   983 | D:2      | Reached skill level 1 in Slings
   983 | D:2      | Reached skill level 1 in Bows
   983 | D:2      | Reached skill level 1 in Crossbows
   983 | D:2      | Reached skill level 1 in Throwing
   983 | D:2      | Reached skill level 1 in Dodging
   983 | D:2      | Reached skill level 1 in Stealth
   983 | D:2      | Reached skill level 1 in Unarmed Combat
   983 | D:2      | Reached skill level 1 in Spellcasting
   983 | D:2      | Reached skill level 1 in Evocations
   983 | D:2      | Reached XP level 4. HP: 38/41 MP: 5/5
  1168 | D:2      | Noticed Terence
  1189 | D:2      | Killed Terence
  1189 | D:2      | Reached skill level 1 in Conjurations
  1189 | D:2      | Reached skill level 1 in Hexes
  1189 | D:2      | Reached skill level 1 in Charms
  1189 | D:2      | Reached skill level 1 in Summonings
  1189 | D:2      | Reached skill level 1 in Necromancy
  1189 | D:2      | Reached skill level 1 in Translocations
  1189 | D:2      | Reached skill level 1 in Transmutations
  1189 | D:2      | Reached skill level 1 in Fire Magic
  1189 | D:2      | Reached skill level 1 in Ice Magic
  1189 | D:2      | Reached skill level 1 in Air Magic
  1189 | D:2      | Reached skill level 1 in Earth Magic
  1189 | D:2      | Reached skill level 1 in Poison Magic
  1202 | D:2      | Noticed Sigmund
  1210 | D:2      | Killed Sigmund
  1210 | D:2      | Reached XP level 5. HP: 46/47 MP: 5/7
  1210 | D:2      | Reached XP level 6. HP: 52/53 MP: 5/8
  1843 | D:3      | Reached skill level 5 in Maces & Flails
  2048 | D:3      | Found a stormy altar of Qazlal.
  2490 | D:3      | Found a shattered altar of Ashenzari.
  2535 | D:3      | Became a worshipper of Ashenzari the Shackled
  2673 | D:4      | Noticed Menkaure
  2866 | D:4      | Found an ornate altar of the Wu Jian Council.
  3054 | D:4      | Reached XP level 7. HP: 43/59 MP: 10/10
  3259 | D:5      | Entered Level 5 of the Dungeon
  3705 | D:5      | Reached XP level 8. HP: 67/67 MP: 12/12
  3847 | D:5      | Reached * piety under Ashenzari
  3902 | D:5      | HP: 1/67 [killer bee (7)]
  3905 | D:5      | Slain by a killer bee

Vault maps used:
D:1:      eino_arrival_cavern_b, palyth_stone_intersect
D:2:      uniq_sigmund, uniq_terence
D:3:      marbit_many_paths, nicolae_overflow_hidden_temple, serial_bayou_lake_a
D:4:      lemuel_doored_altar, first_bread, uniq_menkaure
D:5:      uniq_ijyb

Skill      XL: |  1  2  3  4  5  6  7  8 |
---------------+-------------------------+-----
Invocations    | 1 2 3 |  3.5
Short Blades   | 1 2 3 |  3.2
Long Blades    | 1 2 3 |  3.2
Axes           | 1 2 3 |  3.2
Polearms       | 1 2 3 |  3.2
Staves         | 1 2 3 |  3.2
Slings         | 1 2 3 |  3.2
Bows           | 1 2 3 |  3.2
Crossbows      | 1 2 3 |  3.2
Throwing       | 1 2 3 |  3.2
Dodging        | 1 2 3 |  3.2
Stealth        | 1 2 3 |  3.2
Unarmed Combat | 1 2 3 |  3.2
Spellcasting   | 1 2 3 |  3.2
Evocations     | 1 2 3 |  3.2
Conjurations   | 1 2 |  2.6
Hexes          | 1 2 |  2.6
Charms         | 1 2 |  2.6
Summonings     | 1 2 |  2.6
Necromancy     | 1 2 |  2.6
Translocations | 1 2 |  2.6
Transmutations | 1 2 |  2.6
Fire Magic     | 1 2 |  2.6
Ice Magic      | 1 2 |  2.6
Air Magic      | 1 2 |  2.6
Earth Magic    | 1 2 |  2.6
Poison Magic   | 1 2 |  2.6
Maces & Flails | 5 |  5.6
Fighting       | 7 |  7.3
Armour         | 7 |  7.3
Shields        | 7 |  7.3

Action                   |  1- 3 |  4- 6 |  7- 9 || total
-------------------------+-------+-------+-------++-------
Melee: Flail             |    74 |   153 |   141 ||   368
       Bite              |     7 |    19 |    17 ||    43
Invok: Curse Item        |       |     1 |       ||     1
Evoke: Wand              |       |     5 |       ||     5
  Use: Potion            |       |       |     6 ||     6
 Stab: Paralysed         |       |     1 |       ||     1
  Eat: Chunk             |       |     7 |     3 ||    10
Armor: Scale mail        |    34 |    39 |    77 ||   150
Dodge: Dodged            |    22 |    43 |    73 ||   138
Block: Shield            |    41 |   114 |   120 ||   275

Table legend:
 A = Spawn XP
 B = Non-spawn XP
 C = Spawn XP percentage of total XP
 D = Spawn monster count
 E = Non-spawn monster count
 F = Spawn count percentage of total count
 G = Total turns spent on level
                    A         B        C        D         E        F      G
               +---------+---------+-------+---------+---------+-------+---------
         Total |       0 |    1730 |   0.0 |       0 |      93 |   0.0 |  3905
               +---------+---------+-------+---------+---------+-------+---------
           D:1 |       0 |      60 |   0.0 |       0 |      29 |   0.0 |   809
           D:2 |       0 |     356 |   0.0 |       0 |      19 |   0.0 |   860
           D:3 |       0 |      66 |   0.0 |       0 |      20 |   0.0 |  1000
           D:4 |       0 |     229 |   0.0 |       0 |       6 |   0.0 |   590
           D:5 |       0 |    1019 |   0.0 |       0 |      19 |   0.0 |   646
               +---------+---------+-------+---------+---------+-------+---------

Vault maps used:
D:1:      eino_arrival_cavern_b, palyth_stone_intersect
D:2:      uniq_sigmund, uniq_terence
D:3:      marbit_many_paths, nicolae_overflow_hidden_temple, serial_bayou_lake_a
D:4:      lemuel_doored_altar, first_bread, uniq_menkaure
D:5:      uniq_ijyb
